Map: [ESL] Hecate

Players

ShoWTimE - Winner!

  • Race: Protoss Protoss
  • Spawn Location: 7:00

Harstem

  • Race: Protoss Protoss
  • Spawn Location: 1:00

Event: ESL SC2 Masters 2023 Winter (Regional)

VOD

Have the link to the VOD?

Description

Time

  • Played on: Nov. 3, 2023, 10:17 a.m.
  • Length: 8:26

All games in this series

Show
View Real Time Build Order
Export as new Build Order

ShoWTimE Protoss - Winner!

Build Orders:  

Get SALT Encoding   

  12  0:00  Probe  
  13  0:12  Probe  
  14  0:18  Pylon  
  14  0:24  Probe (Chrono Boost)  
  15  0:36  Gateway, Probe (Chrono Boost)  
  16  0:44  Probe (Chrono Boost)  
  16  0:45  Assimilator  
  17  0:51  Probe  
  17  0:54  Assimilator  
  18  1:03  Probe (Chrono Boost)  
  19  1:07  Gateway  
  19  1:13  Probe (Chrono Boost)  
  19  1:17  Probe (Chrono Boost)  
  20  1:23  Cybernetics Core  
  21  1:29  Probe  
  22  1:34  Pylon  
  22  1:41  Probe  
  23  1:53  Probe  
  24  1:59  Stalker x2  
  28  2:02  Warp Gate  
  28  2:15  Pylon  
  28  2:29  Stalker  
  30  2:33  Stalker  
  32  2:50  Robotics Facility  
  32  2:53  Gateway  
  32  2:59  Sentry  
  32  3:00  Shield Battery  
  32  3:03  Sentry  
  36  3:09  Pylon  
  36  3:14  Probe  
  37  3:31  Pylon  
  37  3:36  Immortal (Chrono Boost)  
  41  3:50  Stalker x2  
  45  3:55  Stalker  
  47  4:05  Pylon  
  47  4:21  Warp Prism (Chrono Boost)  
  49  4:29  Probe  
  50  4:36  Phoenix  
  50  4:39  Pylon  
  50  4:47  Sentry  
  52  4:54  Nexus  
  52  4:59  Probe  
  53  5:03  Shield Battery  
  53  5:13  Probe  
  54  5:21  Phoenix  
  54  5:25  Probe (Chrono Boost)  
  54  5:26  Twilight Council  
  55  5:35  Probe (Chrono Boost)  
  56  5:39  Stalker x2  
  56  5:40  Probe (Chrono Boost)  
  61  5:51  Probe  
  62  6:00  Blink (Chrono Boost)  
  63  6:06  Probe (Chrono Boost)  
  63  6:08  Probe (Chrono Boost)  
  64  6:15  Probe (Chrono Boost)  
  64  6:16  Immortal (Chrono Boost)  
  70  6:18  Probe (Chrono Boost)  
  70  6:20  Probe (Chrono Boost)  
  71  6:28  Probe  
  71  6:32  Probe  
  73  6:35  Pylon  
  73  6:40  Stalker x2  
  73  6:47  Observer (Chrono Boost)  
  78  6:49  Gateway x2  
  78  6:54  Probe x2  
  78  6:56  Assimilator  
  80  7:03  Stalker x2, Pylon  
  84  7:16  Pylon  
  84  7:23  Nexus  
  84  7:29  Stalker x2  
  88  7:35  Pylon, Probe x2  
  90  7:46  Stalker x2  
  90  7:50  Probe  
  90  7:51  Observer, Probe  
  96  7:53  Stalker  
  96  7:54  Stalker  
  101  7:59  Pylon  
  95  8:15  Stalker x2  
  95  8:18  Stalker x2  
Show
View Real Time Build Order
Export as new Build Order

Harstem Protoss 

Build Orders:  

Get SALT Encoding   

  12  0:00  Probe  
  13  0:12  Probe  
  14  0:19  Pylon  
  14  0:24  Probe (Chrono Boost)  
  15  0:37  Gateway, Probe (Chrono Boost)  
  16  0:45  Probe (Chrono Boost)  
  16  0:48  Assimilator  
  17  0:51  Probe (Chrono Boost)  
  17  0:55  Assimilator  
  18  1:04  Probe (Chrono Boost)  
  19  1:08  Gateway  
  19  1:12  Probe (Chrono Boost)  
  19  1:18  Probe  
  20  1:24  Cybernetics Core  
  21  1:30  Probe  
  22  1:37  Pylon  
  22  1:42  Probe  
  24  2:02  Warp Gate  
  24  2:03  Robotics Facility  
  24  2:04  Stalker  
  27  2:10  Stalker  
  27  2:11  Probe  
  28  2:17  Pylon  
  28  2:35  Stalker  
  30  2:40  Stalker  
  32  2:47  Immortal (Chrono Boost)  
  36  2:56  Pylon  
  36  3:16  Warp Prism (Chrono Boost), Shield Battery  
  38  3:39  Probe  
  40  3:51  Stalker  
  40  3:52  Pylon  
  40  3:55  Sentry  
  44  4:00  Pylon  
  42  4:23  Stargate  
  43  4:25  Stalker x2  
  46  4:38  Nexus  
  46  4:40  Probe  
  48  4:52  Probe  
  48  4:54  Sentry, Pylon, Phoenix (Chrono Boost)  
  48  4:58  Observer  
  50  5:05  Probe  
  50  5:06  Pylon  
  51  5:10  Oracle (Chrono Boost)  
  54  5:17  Probe  
  55  5:31  Immortal  
  55  5:34  Probe (Chrono Boost)  
  60  5:37  Phoenix  
  60  5:44  Twilight Council  
  60  5:47  Probe (Chrono Boost)  
  61  5:52  Probe (Chrono Boost)  
  61  5:53  Probe (Chrono Boost)  
  63  6:01  Phoenix  
  63  6:04  Probe (Chrono Boost)  
  66  6:05  Probe (Chrono Boost)  
  67  6:12  Assimilator  
  67  6:15  Probe (Chrono Boost)  
  67  6:17  Probe (Chrono Boost)  
  69  6:20  Probe (Chrono Boost)  
  69  6:22  Blink (Chrono Boost)  
  69  6:25  Probe  
  67  6:34  Probe  
  67  6:37  Probe  
  69  6:45  Stalker x2  
  69  6:46  Gateway x2  
  73  6:51  Immortal (Chrono Boost)  
  77  7:04  Probe  
  78  7:10  Nexus  
  78  7:16  Stalker  
  78  7:18  Stalker  
  78  7:22  Probe  
  83  7:23  Observer  
  83  7:27  Probe  
  84  7:30  Pylon  
  84  7:35  Probe  
  85  7:37  Pylon  
  85  7:40  Probe, Pylon  
  86  7:47  Pylon  
  86  7:55  Probe  
  86  7:57  Forge  
  86  7:58  Sentry, Stalker x3  
  90  8:08  Shield Battery  
  72  8:21  Stalker x2  
Tags
 
Add a new tag
Caveats
  • Supply blocks, unpowered buildings, or Contaminate may cause inaccurate times.
  • Supply counts are checked every 10 seconds.